 Dungeon Crawl Stone Soup version 0.29.0-10-g45618ea6d2 (webtiles) character file.

Game seed: 5110758018157905899

9433 Zeldest the Grappler (level 11, -2/105 HPs)
             Began as a Troll Transmuter on Sept 1, 2022.
             Succumbed to a cane toad's poison
             ... on level 1 of the Lair of Beasts.
             The game lasted 00:13:45 (8206 turns).

Zeldest the Grappler (Troll Transmuter)             Turns: 8206, Time: 00:13:46

Health: -2/105     AC:  7    Str: 20    XL:     11   Next: 23%
Magic:  11/11      EV:  9    Int: 13    God:
Gold:   425        SH:  0    Dex: 10    Spells: 5/12 levels left

rFire   + . .      SeeInvis .     - Unarmed
rCold   . . .      Faith    .   p - orb {light}
rNeg    . . .      Spirit   .   a - +0 robe
rPois   .          Reflect  .   (helmet currently unavailable)
rElec   .          Harm     .   L - +2 cloak {Stlth+}
rCorr   .          Rampage  .   (gloves unavailable)
Will    .....                   (boots unavailable)
Stlth   +.........              t - amulet of the acrobat
HPRegen 1.07/turn               K - ring of protection from fire
MPRegen 0.12/turn               J - ring of flight

@: lethally poisoned (-2 -> -28), appendages (expiring), flying, glowing
A: horns 2, talons 2, large, unfitting armour, claws 3, regeneration 1, shaggy
fur 1, tough skin 1
a: End Transformation


You were on level 1 of the Lair of Beasts.
You had temporarily grown beastly horns and talons.
You visited 3 branches of the dungeon, and saw 12 of its levels.
You also visited: Sewer.

You collected 821 gold pieces.
You spent 396 gold pieces at shops.

Inventory:

Missiles
 g - 2 curare-tipped darts (quivered)
Armour
 a - a +0 robe (worn)
 p - an orb of light (worn)
 L - a +2 cloak of stealth (worn)
Jewellery
 j - an amulet of faith
 t - an amulet of the acrobat (around neck)
 F - a +6 ring of strength
 J - a ring of flight (right claw)
 K - a ring of protection from fire (left claw)
Wands
 q - a wand of mindburst (8)
 u - a wand of polymorph (18)
 E - a wand of flame (49)
Scrolls
 c - a scroll of fear {unknown}
 d - 2 scrolls of teleportation {unknown}
 e - 2 scrolls of vulnerability {unknown}
 f - 4 scrolls of blinking {unknown}
 i - 3 scrolls of silence {unknown}
 k - 4 scrolls of amnesia {unknown}
 m - a scroll of magic mapping {unknown}
 r - 2 scrolls of immolation {unknown}
 s - 3 scrolls of poison {unknown}
 v - a scroll of acquirement {unknown}
 y - a scroll of enchant armour {unknown}
 z - a scroll of noise {unknown}
 D - a scroll of torment {unknown}
 H - a scroll of enchant weapon {unknown}
Potions
 h - 4 potions of flight
 l - 3 potions of berserk rage
 n - 3 potions of brilliance
 o - 5 potions of curing
 w - a potion of might
 x - a potion of haste
 A - 2 potions of resistance
 B - a potion of invisibility
 C - 2 potions of mutation {unknown}
 G - 2 potions of magic {unknown}
 I - 2 potions of ambrosia {unknown}


   Skills:
 - Level 6.0 Fighting
 - Level 1.5 Dodging
 - Level 10.8 Unarmed Combat
 - Level 1.2 Spellcasting
 * Level 8.0 Transmutations
 - Level 0.7 Ice Magic
 * Level 6.3 Earth Magic


You had 5 spell levels left.
You knew the following spells:

 Your Spells              Type           Power      Damage    Failure   Level
a - Beastly Appendage     Tmut           42%        N/A       1%          1
b - Wereblood             Tmut           21%        N/A       1%          2
c - Ice Form              Ice/Tmut       12%        N/A       41%         4

Your spell library contained the following spells:

 Spells                   Type           Power      Damage    Failure   Level
 Spider Form              Tmut/Pois      11%        N/A       16%         3
 Freeze                   Ice            8%         1d3       21%         1
 Foxfire                  Conj/Fire      0%         2x1d4     28%         1
 Shock                    Conj/Air       0%         1d3       28%         1
 Summon Small Mammal      Summ           0%         N/A       28%         1
 Lee's Rapid Deconstruct  Erth           8%         3d8*      50%         5
 Frozen Ramparts          Ice            4%         1d1       52%         3
 Leda's Liquefaction      Hex/Erth       4%         N/A       58%         4
 Call Canine Familiar     Summ           0%         N/A       63%         3
 Summon Guardian Golem    Hex/Summ       0%         N/A       63%         3
 Swiftness                Air            0%         N/A       63%         3
 Hailstorm                Conj/Ice       1%         3d3       94%         4
 Airstrike                Air            0%         2d(0-16)  95%         4
 Fireball                 Conj/Fire      0%         3d3       100%        5
 Statue Form              Tmut/Erth      12%        N/A       92%         6
 Starburst                Conj/Fire      0%         6d3       100%        6
 Ignition                 Fire           0%         3d3       100%        8


Dungeon Overview and Level Annotations

Branches:
Dungeon (10/15)            Temple (1/1) D:7            Lair (1/5) D:10
    Orc (0/2) D:9           Sewer (visited)

Altars:
Ashenzari
Cheibriados
Dithmenos
Elyvilon
Fedhas
Gozag
Hepliaklqana
Kikubaaqudgha
Makhleb
Nemelex Xobeh
Okawaru
Qazlal
Ru
Sif Muna
Trog
Uskayaw
Vehumet
Wu Jian
Xom
Yredelemnul
Zin
The Shining One

Shops:
D:8 *   D:10 [


Innate Abilities, Weirdness & Mutations

You have temporarily grown beastly horns and talons.
You are too large for most types of armour.
You have claws for hands.
Your natural rate of healing is unusually fast.
You are covered in fur. (AC +1)
You have tough skin. (AC +1)


Message History

The cane toad is heavily wounded.
The cane toad stings you!
You are poisoned.
The cane toad poisons you!
You barely miss the cane toad.
The cane toad is heavily wounded.
You feel very sick. The cane toad closely misses you.
You completely miss the cane toad.
You claw the cane toad, but do no damage.
You headbutt the cane toad.
The cane toad is heavily wounded.
You feel very sick. The cane toad stings you!!
You are more poisoned.
The cane toad poisons you!
You scratch the cane toad but do no damage.
You claw the cane toad, but do no damage.
You headbutt the cane toad.
The cane toad is heavily wounded.
You feel very sick. The cane toad stings you!
* * * LOW HITPOINT WARNING * * *
Okay, then.
You claw the cane toad! You claw the cane toad.
The cane toad is severely wounded.
You feel very sick. The cane toad stings you!!
* * * LOW HITPOINT WARNING * * *
You are more poisoned.
The cane toad poisons you!
You feel much better.
* * * LOW HITPOINT WARNING * * *
You feel extremely sick. The cane toad stings you!
* * * LOW HITPOINT WARNING * * *
Okay, then.
You barely miss the cane toad. You claw the cane toad.
The cane toad is almost dead.
You die...

### ..P ##.# #..## ##
.. #<.# ##.####.. ..
#.## #@F....#
#.##.####.####..#
##....#.#..#
#.........#####.#.
.....#...............
#...###.#.##.#P.P###.
#..# ##.######### #..
#.. .. #..#


You could see a cane toad.

Vanquished Creatures
  2 two-headed ogres
  Pikel (D:4)
  A gargoyle (D:10)
  A blink frog (D:10)
  16 yaks
  A steam dragon (D:8)
  An acid dragon (D:7)
  3 water moccasins (D:8)
  4 orc warriors
  An ice beast (D:5)
  2 black bears
  6 ogres
  4 centaurs
  A lemure (D:4)
  4 kobold brigands
  6 bullfrogs
  2 necrophages
  3 scorpions
  6 wights
  14 killer bees
  3 electric eels (D:10)
  6 orc priests
  A jelly (D:5)
  Crazy Yiuf (D:6)
  A gnoll bouda (D:8)
  7 hounds
  2 iguanas
  Terence (D:2)
  8 orc wizards
  A hell rat (Sewer)
  4 gnolls
  6 adders
  A shadow imp (D:8)
  2 white imps (D:5)
  An ufetubus (D:6)
  2 worms
  The ghost of Lemondrips the Sneak, a weakling TrDe (D:5)
  2 dart slugs
  41 orcs
  4 bats
  5 endoplasms
  5 giant cockroaches
  8 hobgoblins
  6 jackals
  25 kobolds
  4 quokkas
  8 ball pythons
  2 frilled lizards (D:1)
  6 goblins
  11 rats
254 creatures vanquished.

Vanquished Creatures (others)
  An endoplasm (D:1)
1 creature vanquished.

Grand Total: 255 creatures vanquished

Notes
Turn   | Place    | Note
-------+----------+-------------------------------------------
     0 | D:1      | Zeldest the Troll Transmuter began the quest for the Orb.
     0 | D:1      | Reached XP level 1. HP: 18/18 MP: 1/1
    67 | D:1      | Found a faded altar of an unknown god.
   109 | D:1      | Reached skill level 1 in Fighting
   199 | D:1      | Reached XP level 2. HP: 27/27 MP: 2/2
   752 | D:2      | Learned a level 2 spell: Wereblood
   779 | D:2      | Noticed Terence
   796 | D:2      | Killed Terence
   797 | D:2      | Reached XP level 3. HP: 12/33 MP: 3/3
   863 | D:2      | Reached skill level 4 in Unarmed Combat
   865 | D:2      | Reached XP level 4. HP: 40/41 MP: 0/4
  1336 | D:3      | Noticed an ogre
  1345 | D:3      | Killed an ogre
  1346 | D:3      | Reached XP level 5. HP: 8/49 MP: 3/5
  1434 | D:3      | Noticed an ogre
  1445 | D:3      | Killed an ogre
  1446 | D:3      | Reached skill level 5 in Unarmed Combat
  1446 | D:3      | Reached XP level 6. HP: 28/59 MP: 6/6
  1638 | D:3      | Found a snail-covered altar of Cheibriados.
  1756 | D:3      | Found a glowing drain.
  1775 | Sewer    | Entered a sewer
  2260 | D:4      | Noticed Pikel
  2289 | D:4      | Killed Pikel
  2290 | D:4      | Reached skill level 6 in Unarmed Combat
  2290 | D:4      | Reached XP level 7. HP: 51/67 MP: 5/7
  2438 | D:4      | Reached skill level 7 in Unarmed Combat
  2725 | D:4      | Reached XP level 8. HP: 74/78 MP: 8/8
  2797 | D:5      | Entered Level 5 of the Dungeon
  3374 | D:5      | Found a runed translucent gate.
  3374 | D:5      | Found a runed translucent gate.
  3374 | D:5      | Found a runed translucent gate.
  3375 | D:5      | Found an opulent altar of Gozag.
  3375 | D:5      | Noticed Lemondrips's ghost (weakling TrDe)
  3430 | D:5      | Reached skill level 8 in Unarmed Combat
  3703 | D:5      | Reached XP level 9. HP: 84/87 MP: 9/9
  3796 | D:5      | Killed Lemondrips's ghost
  3797 | D:5      | Reached skill level 9 in Unarmed Combat
  3840 | D:6      | Found a radiant altar of Vehumet.
  3887 | D:6      | Reached skill level 5 in Fighting
  4045 | D:6      | Found an ancient bone altar of Kikubaaqudgha.
  4386 | D:6      | Found a runed translucent door.
  4387 | D:6      | Noticed Crazy Yiuf
  4475 | D:6      | Reached skill level 5 in Transmutations
  4508 | D:6      | Found a shimmering blue altar of Sif Muna.
  4524 | D:6      | Got Sif Muna's Exposition on Bolts
  4861 | D:6      | Killed Crazy Yiuf
  4950 | D:7      | Found a hide-covered altar of Uskayaw.
  4951 | D:7      | Noticed a +0 dagger
  4952 | D:7      | Noticed a +0 hand axe
  5106 | D:7      | Reached skill level 10 in Unarmed Combat
  5266 | D:7      | Found a staircase to the Ecumenical Temple.
  5281 | Temple   | Entered the Ecumenical Temple
  5713 | D:8      | Reached XP level 10. HP: 96/98 MP: 8/10
  5956 | D:8      | Found Eiczeraz's Eclectic Emporium.
  5964 | D:8      | Bought a book of the Earth for 396 gold pieces
  6110 | D:8      | Found a glowing silver altar of Zin.
  6154 | D:8      | Reached skill level 1 in Earth Magic
  6870 | D:9      | Found a blossoming altar of Fedhas.
  6940 | D:9      | Found a staircase to the Orcish Mines.
  7009 | D:9      | Noticed a two-headed ogre
  7203 | D:9      | Killed a two-headed ogre
  7557 | D:9      | Reached skill level 5 in Earth Magic
  7607 | D:9      | Reached XP level 11. HP: 102/105 MP: 8/11
  7804 | D:10     | Entered Level 10 of the Dungeon
  7804 | D:10     | Found Muphobu's Antique Armour Emporium.
  7807 | D:10     | Noticed Sonja
  7997 | D:10     | Noticed Sonja
  7997 | D:10     | Sonja changed into Sonja the blink frog
  8006 | D:10     | Killed Sonja the blink frog
  8025 | D:10     | Noticed a two-headed ogre
  8034 | D:10     | Killed a two-headed ogre
  8136 | D:10     | Found a staircase to the Lair.
  8176 | Lair:1   | Entered Level 1 of the Lair of Beasts
  8182 | Lair:1   | Learned a level 4 spell: Ice Form
  8204 | Lair:1   | HP: 5/105 [cane toad (21)]
  8206 | Lair:1   | Succumbed to a cane toad's poison

Illustrated notes

Levels and vault maps discovered:
D:1:      dpeg_arrival_rhombus, layout_basic, hellmonk_ecumenical_altar_run_dry,
          lemuel_flame_loot_1
D:2:      layout_basic, minmay_tetromino_t4, uniq_terence
D:3:      layout_loops_ring, mainiacjoe_overflow_alcove_1, portal_sewer_entry_f
D:4:      layout_basic, uniq_pikel
D:5:      layout_basic, ebering_ghost_gozag
D:6:      minmay_inner_zag, layout_loops_ring, led_sif_book,
          vehumet_altar_wand_db, mainiacjoe_overflow_paths,
          uniq_crazy_yiuf_cottage
D:7:      minmay_spotlight, layout_cave_pools, dancing_weapons_uskayaw,
          minmay_temple_entry_stoned_glass, serial_rivers,
          chequers_serial_rivers_micro_a, chequers_serial_rivers_micro_a,
          chequers_serial_rivers_micro_c, chequers_serial_rivers_micro_a,
          chequers_serial_rivers_room_b, chequers_serial_rivers_small_3
D:8:      layout_loops_corners, zin_scriptorium, minivault_24,
          nicolae_alphabet_shops, grunt_ministairs_1
D:9:      layout_layer_cave, fedhas_bush_and_centaur_altar, hiddenorc1_lemuel
D:10:     layout_basic, lair_entry_dummy, serial_shops, shop, uniq_sonja
Temple:   eino_wide_crystal_templ
Lair:1:   hellmonk_destroyed_diamonds, layout_loops_ring

Skill      XL: |  1  2  3  4  5  6  7  8  9 10 11 |
---------------+----------------------------------+-----
Fighting       | 1 2 3 4 5 6 |  6.0
Unarmed Combat | 4 5 6 7 8 10 | 10.8
Transmutations | 2 3 4 5 7 8 |  8.0
Earth Magic    | 5 6 |  6.3
Dodging        | |  1.5
Spellcasting   | |  1.2
Ice Magic      | |  0.7

Action                   |  1- 3 |  4- 6 |  7- 9 | 10-12 || total
-------------------------+-------+-------+-------+-------++-------
Melee: Unarmed           |    60 |   138 |   215 |   205 ||   618
       Punch             |     3 |       |       |       ||     3
       Headbutt          |     2 |     1 |    12 |    33 ||    48
       Kick              |     1 |     6 |    25 |    53 ||    85
Throw: Dart              |       |       |       |     2 ||     2
 Cast: Wereblood         |     1 |     1 |     9 |    15 ||    26
       Beastly Appendage |     1 |     1 |     8 |    19 ||    29
Evoke: Wand              |       |       |       |    12 ||    12
  Use: Potion            |     1 |     1 |     2 |     1 ||     5
       Scroll            |       |       |       |     8 ||     8
 Stab: Sleeping          |     1 |       |       |       ||     1
Armor: Robe              |    29 |    61 |    53 |    67 ||   210
       Skin              |    13 |       |       |       ||    13
Dodge: Dodged            |    26 |    48 |   124 |   188 ||   386
